Map: Abyssal Reef LE

Players

LiquidSnute (Snute)

  • Race: Zerg Zerg
  • League: Master
  • Spawn Location: 11:00

Bly - Winner!

  • Race: Zerg Zerg
  • League: Grandmaster
  • Spawn Location: 5:00

Event: HomeStory Cup XVI

VOD

Have the link to the VOD?

Description

Time

  • Played on: Nov. 11, 2017, 7:40 a.m.
  • Length: 6:31

All games in this series

Show
View Real Time Build Order
Export as new Build Order

LiquidSnute Zerg 

Build Orders: Hatch First 

Get SALT Encoding   

  12  0:00  Drone  
  13  0:12  Overlord  
  13  0:17  Drone  
  14  0:30  Drone x2  
  14  0:34  Drone  
  17  0:52  Hatchery  
  17  0:55  Drone  
  17  0:58  Drone  
  17  1:01  Extractor  
  17  1:13  Spawning Pool  
  17  1:17  Drone  
  17  1:20  Drone  
  18  1:28  Drone  
  19  1:38  Overlord  
  19  2:00  Queen, Zergling x2  
  19  2:01  Metabolic Boost, Zergling x2  
  23  2:04  Queen  
  23  2:08  Zergling x2  
  26  2:15  Zergling x4  
  28  2:23  Zergling x2  
  28  2:34  Drone x2  
  29  2:39  Zergling x2  
  29  2:43  Zergling x2  
  31  2:50  Zergling x2  
  32  2:53  Overlord  
  32  2:57  Zergling x2  
  33  3:04  Zergling x2  
  34  3:08  Zergling x2  
  35  3:17  Zergling x2  
  35  3:18  Zergling x12  
  42  3:26  Overlord  
  42  3:30  Drone  
  43  3:39  Drone  
  43  3:42  Baneling Nest  
  43  3:46  Drone  
  40  3:49  Drone x3  
  40  3:50  Drone x3  
  40  3:52  Drone  
  42  4:03  Zergling x4  
  42  4:04  Queen  
  42  4:05  Queen  
  48  4:11  Zergling x2  
  48  4:16  Zergling x2  
  50  4:22  Evolution Chamber  
  50  4:23  Zergling x2  
  43  4:25  Baneling  
  43  4:26  Baneling  
  43  4:28  Zergling x2  
  43  4:29  Baneling  
  43  4:30  Baneling  
  43  4:38  Zergling x8  
  42  4:39  Zergling x2  
  42  4:40  Queen  
  41  4:46  Zergling x6  
  41  4:50  Zergling x2  
  43  4:58  Baneling x2  
  39  5:01  Zergling x4  
  39  5:04  Baneling x3  
  34  5:11  Drone  
  34  5:12  Drone  
  34  5:13  Drone x2  
  36  5:17  Drone x2  
  36  5:22  Baneling x2  
  36  5:27  Drone x2  
  36  5:33  Drone  
  36  5:34  Drone  
  36  5:37  Zergling x2  
  36  5:40  Zergling x2  
  32  5:43  Zergling x2  
  33  5:50  Zergling x2  
  33  5:54  Zergling x2  
  33  5:56  Baneling x2  
  35  6:00  Zergling x2  
  34  6:07  Zergling x2  
  29  6:16  Drone x3  
  29  6:17  Drone x2  
Show
View Real Time Build Order
Export as new Build Order

Bly Zerg - Winner!

Build Orders: Pool First, Zergling Baneling 

Get SALT Encoding   

  12  0:01  Drone  
  13  0:12  Overlord  
  13  0:18  Drone  
  14  0:31  Drone x2  
  16  0:41  Spawning Pool  
  15  0:44  Drone  
  15  0:48  Drone  
  17  1:09  Hatchery  
  16  1:12  Drone  
  17  1:20  Extractor  
  16  1:29  Zergling x6  
  19  1:33  Queen  
  21  1:40  Overlord  
  21  1:51  Drone  
  22  2:02  Drone  
  23  2:08  Queen  
  23  2:12  Drone  
  26  2:22  Metabolic Boost  
  26  2:24  Drone x2  
  27  2:34  Drone x2  
  28  2:42  Drone x3  
  31  2:45  Drone  
  32  2:55  Overlord, Baneling Nest  
  32  2:57  Drone x2  
  33  3:08  Overlord  
  33  3:23  Zergling x16  
  40  3:30  Queen  
  40  3:32  Zergling x4  
  43  3:42  Baneling x2  
  43  3:44  Zergling x4  
  43  3:47  Baneling x2  
  43  3:54  Zergling x10  
  48  3:57  Baneling x2  
  44  4:07  Zergling x8  
  48  4:16  Baneling x2  
  47  4:24  Zergling x10  
  47  4:26  Baneling x2  
  51  4:37  Zergling x2  
  51  4:38  Zergling x2  
  49  4:43  Baneling  
  42  4:48  Zergling x8  
  45  4:56  Zergling x4  
  45  5:00  Baneling x2  
  40  5:15  Zergling x10  
  42  5:21  Zergling x2  
  42  5:22  Zergling x6  
  42  5:25  Baneling  
  44  5:28  Queen x2  
  44  5:32  Zergling x4  
  45  5:46  Zergling x10  
  45  5:48  Overlord  
  50  5:51  Overlord  
  50  5:54  Baneling  
  50  5:55  Baneling x3  
  50  5:56  Baneling  
  50  6:00  Hatchery  
  48  6:06  Zergling x8  
Tags
 
Add a new tag
Caveats
  • Supply blocks, unpowered buildings, or Contaminate may cause inaccurate times.
  • Supply counts are checked every 10 seconds.